 Dungeon Crawl Stone Soup version 0.28-a0-265-g048bc9fd10 (webtiles) character file.

Game seed: 5723562505085327946

508 dolemite99 the Cleaver (level 6, -5/55 HPs)
             Began as a Deep Dwarf Fighter on Aug 27, 2021.
             Succumbed to a water moccasin's poison
             ... on level 5 of the Dungeon.
             The game lasted 00:03:20 (2039 turns).

dolemite99 the Cleaver (Deep Dwarf Fighter)         Turns: 2039, Time: 00:03:20

Health: -5/55      AC:  8    Str: 22    XL:     6   Next: 98%
Magic:  3/3        EV:  7    Int:  8    God:
Gold:   83         SH:  8    Dex: 12    Spells: 5/5 levels left

rFire   . . .      SeeInvis .   a - +0 war axe
rCold   . . .      Faith    .   c - +0 kite shield
rNeg    . . .      Spirit   .   b - +0 scale mail
rPois   .          Reflect  .   n - +0 helmet
rElec   .          Harm     .   (no cloak)
rCorr   .          Rampage  .   (no gloves)
Will    .....                   (no boots)
Stlth   ..........              (no amulet)
HPRegen 0.00/turn               (no ring)
MPRegen 0.08/turn               (no ring)

@: lethally poisoned (-5 -> -28)
A: damage resistance, heal wounds, sense surroundings 1, no regeneration
a: Heal Wounds


You were on level 5 of the Dungeon.
You visited 1 branch of the dungeon, and saw 5 of its levels.

You collected 137 gold pieces.
You spent 54 gold pieces at shops.

Inventory:

Hand Weapons
 a - a +0 war axe (weapon)
Missiles
 d - 11 arrows
 f - 20 poisoned darts
 g - 38 sling bullets
 k - 13 bolts
 o - 12 stones
Armour
 b - a +0 scale mail (worn)
 c - a +0 kite shield (worn)
 n - a +0 helmet (worn)
Scrolls
 e - 2 scrolls of teleportation
 h - 2 scrolls of fear {unknown}
 l - a scroll of vulnerability {unknown}
 m - a scroll of summoning {unknown}
Potions
 i - a potion of mutation {unknown}
 j - a potion of attraction {unknown}


   Skills:
 - Level 2.6 Fighting
 + Level 8.4 Axes
 - Level 3.2 Armour
 - Level 3.2 Shields


You had 5 spell levels left.
You didn't know any spells.
Your spell library contained the following spells:

 Spells                   Type           Power      Damage    Failure   Level
 Sublimation of Blood     Necr           0%         N/A       100%        2
 Wereblood                Tmut           0%         N/A       100%        2
 Summon Hydra             Summ           0%         N/A       100%        7


Dungeon Overview and Level Annotations

Branches:
Dungeon (6/15)
 Temple: D:4-7

Altars:

Shops:
D:1 !   D:2 [

Annotations:
D:3 runninginthe90s's ghost, amateur BaSu


Innate Abilities, Weirdness & Mutations

You are resistant to damage.
You can heal yourself by infusing magical energy.
You passively map a small area around you.
You do not regenerate.


Message History

The water moccasin bites you. The water moccasin barely misses you.
You miss the water moccasin.
The water moccasin is heavily wounded.
The water moccasin bites you but does no damage.
You block the water moccasin's attack.
You hit the water moccasin but do no damage.
The water moccasin is heavily wounded.
You block the water moccasin's attack. The water moccasin bites you.
You are more poisoned.
The water moccasin poisons you!
You closely miss the water moccasin.
The water moccasin is heavily wounded.
The water moccasin closely misses you.
You closely miss the water moccasin.
The water moccasin is heavily wounded.
The water moccasin bites you.
You are more poisoned.
The water moccasin poisons you! The water moccasin barely misses you.
You closely miss the water moccasin.
The water moccasin is heavily wounded.
You block the water moccasin's attack. The water moccasin bites you.
You are more poisoned.
The water moccasin poisons you!
You hit the water moccasin.
The water moccasin is severely wounded.
You feel very sick. The water moccasin bites you.
You are more poisoned.
The water moccasin poisons you! You block the water moccasin's attack.
You hit the water moccasin.
The water moccasin is severely wounded.
* * * LOW HITPOINT WARNING * * *
You feel extremely sick. You block the water moccasin's attack.
The water moccasin bites you.
* * * LOW HITPOINT WARNING * * *
You are lethally poisoned!
The water moccasin poisons you!
You completely miss the water moccasin.
The water moccasin is severely wounded.
You die...

* ###......
#.##### #.#
##########.#
, *
#..........#
, *
#.##########
####.#
######.S..###
......)@....#
.#####....#.#
* #.........
, *
##....#.##(#
##.....#* # ,
###.### * *
,,.. , , * ,,
..# * * * ,


You could see a water moccasin.

Vanquished Creatures
  A water moccasin (D:6)
  A phantom (D:3)
  A bullfrog (D:5)
  3 hounds (D:5)
  2 orc priests
  A gnoll shaman (D:5)
  2 gnolls (D:5)
  2 adders
  A dart slug (D:1)
  6 orcs
  2 ball pythons (D:1)
  3 endoplasms
  2 giant cockroaches
  7 hobgoblins
  3 bats (D:1)
  5 goblins
  7 kobolds
  7 rats
56 creatures vanquished.

Notes
Turn   | Place    | Note
-------+----------+-------------------------------------------
     0 | D:1      | dolemite99 the Deep Dwarf Fighter began the quest for the
                  | Orb.
     0 | D:1      | Reached XP level 1. HP: 20/20 MP: 1/1
   114 | D:1      | Found Yguab's Distillery.
   128 | D:1      | Reached skill level 3 in Axes
   128 | D:1      | Reached XP level 2. HP: 27/27 MP: 2/2
  1107 | D:2      | Found Icousuq's Armour Emporium.
  1108 | D:2      | Found a faded altar of an unknown god.
  1120 | D:2      | Reached skill level 4 in Axes
  1120 | D:2      | Reached XP level 3. HP: 29/33 MP: 3/3
  1165 | D:2      | Bought a +0 helmet for 54 gold pieces
  1604 | D:3      | Noticed a phantom
  1607 | D:3      | Noticed runninginthe90s's ghost (amateur BaSu)
  1627 | D:3      | Killed a phantom
  1628 | D:3      | Reached skill level 5 in Axes
  1628 | D:3      | Reached XP level 4. HP: 28/40 MP: 3/3
  1669 | D:3      | Reached skill level 6 in Axes
  1669 | D:3      | Reached XP level 5. HP: 21/46 MP: 3/3
  1878 | D:3      | You fall into a shaft and drop 3 floors!
  1878 | D:6      | Noticed a water moccasin
  1890 | D:6      | Noticed a water moccasin
  1911 | D:6      | Killed a water moccasin
  1912 | D:6      | Reached skill level 7 in Axes
  1912 | D:6      | Reached XP level 6. HP: 16/55 MP: 4/4
  1936 | D:5      | Entered Level 5 of the Dungeon
  1976 | D:5      | Reached skill level 8 in Axes
  2023 | D:5      | Noticed a water moccasin
  2039 | D:5      | Succumbed to a water moccasin's poison

Illustrated notes

Levels and vault maps discovered:
D:1:      lemuel_arrival_room, layout_basic, serial_shops, shop,
          roderic_lattice_a
D:2:      layout_rooms, hellmonk_ecumenical_altar_run_dry, serial_shops, shop,
          dk_noncrumbling_2
D:3:      layout_loops_corners, gammafunk_ghost_icy
D:5:      layout_loops_ring
D:6:      layout_cave_pools, serial_shops, shop

Skill      XL: |  1  2  3  4  5  6 |
---------------+-------------------+-----
Axes           | 3 4 5 6 7 8 |  8.4
Fighting       | |  2.6
Armour         | |  3.2
Shields        | |  3.2

Action                   |  1- 3 |  4- 6 || total
-------------------------+-------+-------++-------
Melee: War axe           |   111 |    91 ||   202
 Abil: Heal Wounds       |     1 |     5 ||     6
  Use: Potion            |     1 |       ||     1
       Scroll            |       |     2 ||     2
Armor: Scale mail        |    71 |    53 ||   124
Dodge: Dodged            |    40 |    31 ||    71
Block: Kite shield       |    67 |    65 ||   132

Table legend: (Time is in decaauts)
 A = Elapsed time spent in this place.
 B = Non-inter-level travel time spent in this place.
 C = Inter-level travel time spent in this place.
 D = Time resting spent in this place.
 E = Time spent auto-exploring this place.
 F = Levels seen in this place.
 G = Mean time per level.
                   A        B        C        D        E       F      G
               +--------+--------+--------+--------+--------+-----+--------+
         Total |   2133 |   2080 |     53 |    304 |   1121 |   5 |  426.6 |
       Dungeon |   2133 |   2080 |     53 |    304 |   1121 |   5 |  426.6 |
               +--------+--------+--------+--------+--------+-----+--------+

Top non-repeatable levels by time:
     D:1: 1065 daAuts
     D:2: 591 daAuts
     D:3: 290 daAuts
     D:5: 118 daAuts
     D:6: 68 daAuts
